AoeStats
← Zukkune

Arabia

509789723Analyzed
3v3 RM · 6d ago on Sep 28, 2026· 31m 15s· 6 players
Game mode
Random Map
Map size
Normal (6 player)
Population
200
Speed
Normal
Resources
Standard
Victory
Conquest
Starting age
Dark Age
Ending age
Imperial Age
RankedLock teamsTeams togetherTeam positionsShared explorationLock speedFull tech treeHidden civsTurbo modeCheats
Victory
Defeat
🇦🇷 Vietnamese · Argentina
1089
+12
🇦🇷 Varangians · Argentina
1005
+16
🇦🇷 Chinese · Argentina
981
+17
🇨🇱 Aztecs · Chile
1000
-45
🇨🇱 Sicilians · Chile
1000
-45
🇨🇱 Persians · Chile
1000
-45
koomori
7:56 Loom
13:07 Feudal Age
17:06 Castle Age
20:25 Squires
20:41 Eagle Warrior
25:34 Elite Skirmisher
Mark
3:40 Loom
13:22 Feudal Age
19:13 Castle Age
19:39 Double-Bit Axe
19:39 Horse Collar
23:07 Stone Mining
Zukkune
4:03 Loom
11:28 Feudal Age
12:17 Double-Bit Axe
13:10 Wheelbarrow
25:01 Scale Mail Armor
25:29 Forging
cross7156
0:28 Loom
11:59 Feudal Age
16:52 Fletching
20:36 Castle Age
20:15 Padded Archer Armor
21:01 Crossbowman
21:56 Double-Bit Axe
24:03 Ballistics
26:47 Thumb Ring
26:33 Horse Collar
27:31 Bow Saw
30:01 Bodkin Arrow
30:22 Leather Archer Armor
30:01 Gold Mining
30:50 Murder Holes
Metallica72
7:56 Loom
10:08 Feudal Age
13:09 Double-Bit Axe
13:34 Horse Collar
14:23 Fletching
16:25 Padded Archer Armor
17:29 Gold Mining
22:03 Castle Age
22:05 Crossbowman
22:40 Bodkin Arrow
23:04 Thumb Ring
23:50 Wheelbarrow
23:26 Bow Saw
23:18 Heavy Plow
23:43 Leather Archer Armor
25:48 Stone Mining
27:22 Ballistics
34:21 Imperial Age
JSjuanX
8:06 Loom
10:57 Feudal Age
11:29 Double-Bit Axe
11:27 Horse Collar
12:30 Arson
18:31 Castle Age
17:29 Scale Mail Armor
18:27 Forging
19:27 Gambesons
19:42 Squires
20:14 Chain Mail Armor
20:17 Bow Saw
22:29 Heavy Plow
25:45 Wheelbarrow
28:12 Iron Casting
Connection lost

Rejoining the realm…

Still unreachable

The connection could not be restored.

Session expired

The server has moved on; the page needs a fresh start.